Map: Tourmaline LE

Players

Fairespiter - Winner!

  • Race: Protoss Protoss
  • League: Master
  • Spawn Location: 1:00

IA (Muy fácil) 1

  • Race: Terran Terran
  • Spawn Location: 7:00

VOD

Have the link to the VOD?

Description

Time

  • Played on: Dec. 14, 2025, 5:32 p.m.
  • Length: 12:11
Show
View Real Time Build Order
Export as new Build Order

Fairespiter Protoss - Winner!

Build Orders: 1 Gate Expand, Phoenix Opening, Blink Stalkers, Zealot Archon 

Get SALT Encoding   

  12  0:00  Probe  
  13  0:12  Probe  
  14  0:16  Pylon  
  14  0:22  Probe  
  15  0:30  Probe  
  16  0:36  Gateway  
  16  0:39  Probe  
  16  0:45  Assimilator  
  17  0:51  Probe  
  18  1:03  Probe  
  19  1:15  Probe  
  20  1:22  Nexus  
  20  1:31  Cybernetics Core  
  20  1:34  Probe  
  20  1:39  Assimilator  
  21  1:46  Probe  
  22  1:52  Pylon  
  22  1:58  Stalker, Probe  
  23  2:08  Warp Gate  
  23  2:10  Probe  
  26  2:22  Probe  
  27  2:26  Phoenix  
  27  2:27  Sentry  
  29  2:30  Probe  
  29  2:34  Probe  
  31  2:38  Probe  
  31  2:43  Twilight Council  
  32  2:46  Probe  
  32  2:49  Probe  
  32  2:50  Blink, Gateway  
  34  2:53  Stalker  
  36  2:58  Probe  
  36  3:01  Probe  
  38  3:11  Probe  
  39  3:13  Probe  
  40  3:23  Probe  
  40  3:25  Probe  
  42  3:35  Probe  
  42  3:37  Probe  
  42  3:38  Nexus, Pylon  
  44  3:47  Probe  
  45  3:49  Probe  
  46  3:57  Stalker x2  
  46  3:59  Probe  
  46  4:01  Probe, Assimilator  
  52  4:03  Assimilator  
  52  4:06  Robotics Facility  
  52  4:11  Probe  
  52  4:13  Probe  
  54  4:17  Pylon  
  54  4:21  Pylon  
  54  4:34  Pylon  
  54  4:35  Probe x2  
  56  4:41  Templar Archives  
  56  4:43  Stalker  
  56  4:44  Stalker  
  60  4:47  Probe  
  60  4:50  Gateway  
  60  4:52  Gateway  
  61  4:53  Gateway, Observer  
  61  4:56  Probe, Gateway  
  61  4:57  Probe  
  63  5:00  Probe  
  63  5:03  Psionic Storm  
  65  5:07  Charge  
  65  5:10  Probe  
  65  5:12  Probe  
  65  5:13  Gateway  
  65  5:14  Probe  
  68  5:22  Probe  
  68  5:24  Probe  
  68  5:26  Probe  
  71  5:30  High Templar  
  71  5:33  Pylon  
  71  5:34  Probe  
  74  5:36  Probe  
  74  5:38  Probe  
  74  5:39  Pylon  
  76  5:44  Shield Battery, High Templar  
  78  5:58  Zealot x4  
  78  6:03  Zealot  
  88  6:07  Zealot  
  88  6:08  Forge  
  90  6:11  Nexus  
  90  6:13  Pylon, Protoss Ground Weapons Level 1  
  90  6:16  High Templar  
  92  6:18  Zealot  
  92  6:19  Zealot x3  
  92  6:23  Pylon  
  100  6:25  Zealot  
  100  6:26  Probe  
  100  6:27  Probe x2  
  105  6:34  Zealot  
  105  6:39  Probe x3  
  110  6:42  Gateway x2  
  110  6:51  Probe x2  
  110  6:54  Forge, Probe  
  112  6:55  Robotics Facility  
  112  6:56  Robotics Bay  
  113  7:03  Probe x2, Assimilator  
  113  7:04  Protoss Ground Armor Level 1, Assimilator  
  113  7:05  Zealot x2  
  113  7:06  Probe  
  120  7:17  Probe  
  120  7:18  Probe x2  
  120  7:19  Zealot  
  120  7:22  Pylon  
  125  7:23  Probe, Pylon  
  125  7:24  Zealot x3  
  133  7:30  Probe x2  
  133  7:31  Probe  
  135  7:39  Probe  
  135  7:42  Probe x2  
  135  7:43  Probe  
  139  7:44  High Templar x2  
  139  7:45  High Templar x2  
  147  7:51  Probe  
  147  7:53  Protoss Ground Weapons Level 2  
  147  7:54  Probe x2, Colossus  
  147  7:57  Archon x2  
  156  8:02  Pylon  
  156  8:03  Pylon  
  156  8:04  Pylon  
  156  8:07  Pylon  
  156  8:08  Pylon  
  156  8:09  Colossus  
  156  8:22  Zealot x6  
  174  8:29  Pylon  
  174  8:31  Nexus  
  174  8:37  Colossus  
  174  8:40  Zealot x3  
  186  8:50  Zealot x4  
  186  8:51  Zealot x2  
  198  8:57  Protoss Ground Armor Level 2  
  198  9:03  Zealot  
  200  9:13  Colossus  
  198  9:23  Gateway  
  198  9:26  Gateway  
  198  9:28  Gateway x2  
  198  9:29  Gateway  
  198  9:30  Gateway  
  198  9:31  Gateway  
  198  9:32  Gateway x2  
  198  9:34  Gateway  
  198  9:35  Gateway  
  198  9:36  Gateway  
  198  9:37  Warp Prism  
  198  9:38  Gateway  
  198  9:44  Pylon  
  198  9:50  Extended Thermal Lance  
  200  10:35  Pylon  
  188  11:47  Zealot x11  
  188  11:48  Zealot x11  
Show
View Real Time Build Order
Export as new Build Order

IA (Muy fácil) 1 Terran 

Build Orders: Reaper Expand 

Get SALT Encoding   

  12  0:00  SCV  
  13  0:13  SCV  
  14  0:19  Supply Depot  
  14  0:44  Barracks  
  14  1:02  Command Center  
  14  1:30  Supply Depot  
  14  1:31  Marine  
  15  1:34  Orbital Command  
  15  1:35  Refinery  
  15  1:47  Refinery  
  15  1:59  SCV  
  16  2:11  SCV  
  16  2:14  SCV  
  19  2:15  Reaper  
  19  2:24  SCV  
  19  2:28  SCV  
  21  2:36  SCV  
  22  2:42  SCV  
  23  2:49  SCV  
  24  2:57  SCV, Refinery  
  25  3:04  SCV, Marine  
  27  3:11  SCV  
  28  3:18  SCV  
  29  3:20  Factory  
  29  3:25  SCV  
  30  3:45  SCV, Refinery  
  31  3:52  Supply Depot  
  31  3:54  SCV, Barracks Tech Lab  
  32  4:01  SCV  
  33  4:08  SCV  
  34  4:10  Starport  
  34  4:12  Marauder  
  34  4:15  SCV  
  37  4:22  SCV  
  38  4:26  Supply Depot  
  38  4:30  SCV  
  39  4:37  SCV  
  40  4:44  SCV  
  41  4:48  Starport Tech Lab  
  41  4:51  SCV  
  42  4:58  SCV  
  43  5:01  Marine  
  43  5:05  SCV  
  47  5:07  Raven  
  47  5:13  SCV  
  48  5:41  Raven  
  50  5:51  Marauder  
  52  6:40  Marine  
  53  7:29  Marine  
  54  9:52  Marine  
  53  9:58  Raven  
  44  10:42  Marine  
  45  11:00  Marine  
  45  11:01  Medivac  
  45  11:02  Supply Depot  
  33  11:19  Marine  
  33  11:20  SCV  
  16  11:31  Raven  
  11  11:34  Supply Depot  
  11  11:35  SCV  
  11  11:37  Marine  
Tags
 
Add a new tag
Caveats
  • Supply blocks, unpowered buildings, or Contaminate may cause inaccurate times.
  • Supply counts are checked every 10 seconds.